 Dungeon Crawl Stone Soup version 0.27-a0-1278-g6cbc8dfb29 (webtiles) character file.

Game seed: 7643035310285295537

162 polve the Skirmisher (level 5, 0/43 HPs)
             Began as a Demonspawn Abyssal Knight on June 12, 2021.
             Was a Follower of Lugonu.
             Slain by Terence (6 damage)
             ... on level 2 of the Dungeon.
             The game lasted 00:02:53 (2941 turns).

polve the Skirmisher (Demonspawn Abyssal Knight)    Turns: 2941, Time: 00:02:54

Health: 0/43       AC:  6    Str: 13    XL:     5   Next: 19%
Magic:  6/6        EV:  9    Int: 13    God:    Lugonu [*.....]
Gold:   62         SH:  0    Dex: 13    Spells: 4/4 levels left

rFire    + . .     SeeInvis .   a - +1 short sword
rCold    . . .     Faith    .   (no shield)
rNeg     . . .     Spirit   .   c - +0 scale mail
rPois    +         Reflect  .   (helmet restricted)
rElec    .         Harm     .   (no cloak)
rCorr    .         Rampage  .   (no gloves)
Will     .....                  (no boots)
Stlth    ..........             (no amulet)
HPRegen  0.14/turn              h - ring of protection from fire
MPRegen  0.20/turn              (no ring)

@: no status effects
A: horns 2, magic regeneration, poison resistance
a: Renounce Religion, Depart the Abyss


You were on level 2 of the Dungeon.
You worshipped Lugonu.
Lugonu was aware of your devotion.
You visited 1 branch of the dungeon, and saw 3 of its levels.
You visited the Abyss 1 time.

You collected 77 gold pieces.
You spent 15 gold pieces at shops.

Inventory:

Hand Weapons
 a - a +1 short sword (weapon)
Armour
 b - a +0 leather armour
 c - a +0 scale mail (worn)
Jewellery
 h - a ring of protection from fire (left hand)
Scrolls
 d - 2 scrolls of noise {unknown}
 e - 3 scrolls of vulnerability {unknown}
 f - a scroll of identify {unknown}
 j - a scroll of enchant weapon {unknown}


   Skills:
 + Level 4.4 Fighting
 - Level 4.0 Short Blades
 - Level 1.7 Armour
 - Level 0.8 Dodging
 - Level 2.4 Invocations


You had 4 spell levels left.
You didn't know any spells.
Your spell library contained the following spells:

 Spells                   Type           Power      Damage    Failure   Level
 Magic Dart               Conj           0%         1d3       82%         1
 Searing Ray              Conj           0%         3d3       91%         2
 Dazzling Flash           Conj/Hex       0%         N/A       99%         3
 Fulminant Prism          Conj/Hex       0%         3d6       100%        4
 Iskenderun's Mystic Bla  Conj/Tloc      0%         2d3       100%        4


Dungeon Overview and Level Annotations

Branches:
Dungeon (3/15)

Altars:
Ru

Shops:
D:2 *

Annotations:
D:2 Terence


Innate Abilities, Weirdness & Mutations

You have a pair of horns on your head.
You regenerate magic rapidly.
Your system is resistant to poisons. (rPois)


Message History

You hit Terence.
Terence is moderately wounded.
Terence hits you with a +3 flail.
You hit Terence.
Terence is moderately wounded.
Terence barely misses you.
You hit Terence but do no damage. Your headbutt misses Terence.
Terence is moderately wounded.
Terence hits you but does no damage.
You hit Terence but do no damage.
Terence is moderately wounded.
Terence barely misses you.
You hit Terence.
Terence is heavily wounded.
Terence hits you with a +3 flail!
* * * LOW HITPOINT WARNING * * *
Your scale mail prevents you from hitting Terence.
Terence is heavily wounded.
You barely miss Terence.
Terence is heavily wounded.
Terence closely misses you.
You barely miss Terence.
Terence is heavily wounded.
Terence hits you with a +3 flail.
* * * LOW HITPOINT WARNING * * *
Okay, then.
You hit Terence. Your headbutt misses Terence.
Terence is heavily wounded.
Terence hits you with a +3 flail.
* * * LOW HITPOINT WARNING * * *
Terence asks, "Do you want it fast or slow?"
You hit Terence.
Terence is heavily wounded.
Terence barely misses you. Terence shouts, "Now you die!"
You aren't carrying any potions.
There is an open door here.
Terence says, "You're history."
Terence hits you with a +3 flail.
You die...

.#########.#.#####..#
###.PP##.....# #♣∩♣
.#########.### #.# .#
#.# #♣# .# ##'#######
.### #........# ...#
#........# ...#
#........###### ...#
#.[....@@.....# ..##
#############.# ..#
############# #.# ..#
#.PP#PP.#...# #.#
..###################.#
......................#
..#####################
..# #.P.#..P#.PP# ###
#############


You could see Terence.

Vanquished Creatures
  A necrophage (D:2)
  2 adders (D:2)
  A worm (D:2)
  2 dart slugs
  4 bats
  6 endoplasms
  3 giant cockroaches
  6 goblins
  4 hobgoblins
  7 kobolds
  2 quokkas
  4 ball pythons (D:1)
  2 frilled lizards (D:2)
  8 rats
52 creatures vanquished.

Notes
Turn   | Place    | Note
-------+----------+-------------------------------------------
     0 | Abyss:1  | polve the Demonspawn Abyssal Knight began the quest for the
                  | Orb.
     0 | Abyss:1  | Reached XP level 1. HP: 18/18 MP: 2/2
    29 | Abyss:1  | Noticed a flying skull
    59 | Abyss:1  | Noticed a raiju
    62 | D:1      | Escaped the Abyss
   344 | D:1      | Gained mutation: You have a pair of small horns on your
                  | head. [demonic ancestry]
   344 | D:1      | Reached XP level 2. HP: 18/24 MP: 3/3
   893 | D:1      | Reached * piety under Lugonu
   996 | D:1      | Found a faded altar of an unknown god.
  1004 | D:1      | Gained mutation: You have a pair of horns on your head.
                  | [demonic ancestry]
  1004 | D:1      | Reached XP level 3. HP: 29/29 MP: 4/4
  2069 | D:2      | Reached XP level 4. HP: 35/35 MP: 5/5
  2085 | D:2      | Found a sacrificial altar of Ru.
  2157 | D:2      | Noticed a necrophage
  2178 | D:2      | Killed a necrophage
  2179 | D:2      | Gained mutation: You regenerate magic rapidly. [demonic
                  | ancestry]
  2179 | D:2      | Reached XP level 5. HP: 24/43 MP: 6/6
  2677 | D:2      | Found Adeng's Assorted Antiques.
  2686 | D:2      | Bought a dark potion for 15 gold pieces
  2802 | D:2      | Gained mutation: Your system is resistant to poisons.
                  | (rPois) [potion of mutation]
  2834 | D:3      | Noticed Terence
  2941 | D:2      | Slain by Terence

Illustrated notes

Levels and vault maps discovered:
D:1:      lordsloth_arrival_two_stooges, layout_basic,
          hellmonk_ecumenical_altar_leap_of_faith, minmay_octomino_j4
D:2:      layout_basic, basic_altar, serial_shops, nicolae_shop_trees,
          serial_aquarium, aquarium_bridge_square [aquarium_subvault_wall,
          aquarium_subvault_wall, aquarium_subvault_window,
          aquarium_subvault_bridge], aquarium_bridge_square
          [aquarium_subvault_wall, aquarium_subvault_window,
          aquarium_subvault_window, aquarium_subvault_bridge],
          aquarium_window_corridor_2, aquarium_window_fake, aquarium_window_1,
          aquarium_window_fake, aquarium_view_2f, aquarium_view_2f,
          aquarium_balcony_3b, kennysheep_generic_room_4
D:3:      layout_loops_ring, kennysheep_orc_sif_temple,
          kennysheep_generic_room_14, uniq_terence

Skill      XL: |  1  2  3  4 |
---------------+-------------+-----
Short Blades   | 2 3 4 |  4.0
Fighting       | 4 |  4.4
Armour         | |  1.7
Dodging        | |  0.8
Invocations    | |  2.4

Action                   |  1- 3 |  4- 6 || total
-------------------------+-------+-------++-------
Melee: Short sword       |   114 |    56 ||   170
       Headbutt          |    13 |     8 ||    21
Invok: Depart the Abyss  |     1 |       ||     1
  Use: Potion            |       |     2 ||     2
Armor: Leather armour    |    15 |       ||    15
       Scale mail        |    33 |    21 ||    54
Dodge: Dodged            |    73 |    19 ||    92

Table legend: (Time is in decaauts)
 A = Elapsed time spent in this place.
 B = Non-inter-level travel time spent in this place.
 C = Inter-level travel time spent in this place.
 D = Time resting spent in this place.
 E = Time spent auto-exploring this place.
 F = Levels seen in this place.
 G = Mean time per level.
                   A        B        C        D        E       F      G
               +--------+--------+--------+--------+--------+-----+--------+
         Total |   2927 |   2892 |     35 |    173 |   2261 |   4 |  731.8 |
       Dungeon |   2865 |   2830 |     35 |    173 |   2230 |   3 |  955.0 |
         Abyss |     62 |     62 |      0 |      0 |     31 |   1 |   62.0 |
               +--------+--------+--------+--------+--------+-----+--------+

Top non-repeatable levels by time:
     D:2: 1650 daAuts
     D:1: 1199 daAuts
 Abyss:1: 62 daAuts
     D:3: 16 daAuts
